 Dungeon Crawl Stone Soup version 0.21.1-1-g345015fe64 (webtiles) character file.

200 DildoBatman the Conjurer (level 5, -6/33 HPs)
             Began as an Octopode Wizard on June 25, 2018.
             Shot with an arrow by a centaur (8 damage)
             ... on level 4 of the Dungeon.
             The game lasted 00:10:43 (4349 turns).

DildoBatman the Conjurer (Octopode Wizard)          Turns: 4349, Time: 00:10:43

Health: -6/33      AC:  1    Str:  7    XL:     5   Next: 79%
Magic:  4/9        EV: 13    Int: 21    God:
Gold:   208        SH:  0    Dex: 10    Spells: 2/10 levels left

rFire    + . .     SeeInvis +   a - +1 dagger (venom)
rCold    . . .     Gourm    .   (no shield)
rNeg     . . .     Faith    .   u - +0 hat
rPois    .         Spirit   .   (no amulet)
rElec    .         Reflect  .   k - ring of protection from fire
rCorr    +         Harm     .   l - ring of see invisible
MR       .....                  o - ring of wizardry
Stlth    +++.......             g - ring of resist corrosion
HPRegen  0.11/turn              (no ring)
MPRegen  0.11/turn              (no ring)
                                (no ring)
                                (no ring)

@: no status effects
A: almost no armour, stealthy swim, amphibious, 8 rings, constrict 8, camouflage
1, gelatinous body 1
a: no special abilities


You were on level 4 of the Dungeon.
You were not hungry.

You visited 1 branch of the dungeon, and saw 4 of its levels.

You collected 208 gold pieces.

Inventory:

Hand Weapons
 a - a +1 dagger of venom (weapon)
Missiles
 c - 70 poisoned needles
 e - 122 stones (quivered)
 i - 19 arrows
 t - 9 bolts
 w - 4 javelins
Armour
 u - a +0 hat (worn)
Jewellery
 g - a ring of resist corrosion (on tentacle)
 k - a ring of protection from fire (left tentacle)
 l - a ring of see invisible (right tentacle)
 o - a ring of wizardry (on tentacle)
Scrolls
 d - 3 scrolls of immolation
 j - 2 scrolls of enchant weapon
 n - a scroll of noise
 p - a scroll of magic mapping {unknown}
 s - a scroll of random uselessness
 x - a scroll of remove curse
 y - a scroll of teleportation {unknown}
 z - a scroll of identify
Potions
 f - a potion of ambrosia {unknown}
 h - a potion of agility {unknown}
 m - a potion of curing {unknown}
 q - a potion of cancellation {unknown}
 r - a potion of invisibility {unknown}
Books
 b - a book of Minor Magic

   Spells                             Type                      Level
   a - Magic Dart                     Conjuration                  1
   b - Blink                          Translocation                2
   c - Call Imp                       Summoning                    2
   d - Slow                           Hexes                        2
   e - Conjure Flame                  Conjuration/Fire             3
   f - Mephitic Cloud                 Conjuration/Poison/Air       3
Comestibles
 v - 9 rations


   Skills:
 * Level 1.3 Fighting
 - Level 1.1 Short Blades
 - Level 2.0 Dodging
 * Level 3.5 Stealth
 - Level 3.0 Spellcasting
 - Level 4.0 Conjurations
   Level 1.0 Summonings
 - Level 1.0 Translocations
 * Level 1.2 Air Magic
 * Level 1.6 Poison Magic


You had 2 spell levels left.
You knew the following spells:

 Your Spells              Type           Power        Failure   Level  Hunger
a - Slow                  Hex            #.......     9%          2    ##.....
c - Magic Dart            Conj           ###.         1%          1    None
e - Mephitic Cloud        Conj/Pois/Air  ##......     6%          3    ###....
h - Blink                 Tloc           N/A          5%          2    ##.....


Dungeon Overview and Level Annotations

Branches:
Dungeon (4/15)
 Temple: D:4-7

Altars:
Elyvilon
Nemelex Xobeh
Ru
Trog

Annotations:
D:2 Terence
D:3 exclusion: moth of wrath
D:4 Blork the orc; nawrastar's ghost, amateur FeTm


Innate Abilities, Weirdness & Mutations

You cannot wear most types of armour.
You are very stealthy in the water. (Stealth+)
You are amphibious.
You can wear up to eight rings at the same time.
You can use your tentacles to constrict eight enemies at once.
Your skin changes colour to match your surroundings (Stealth+).
Your rubbery body absorbs attacks. (AC +1, EV +1)


Message History

The centaur wields a shortbow.
The centaur shoots an arrow.
The arrow hits you!!
Ouch! That really hurt!
The centaur shoots an arrow.
The arrow hits you.
You see here 2 arrows.
The centaur shoots an arrow.
The arrow hits you!
Casting: Magic Dart
Confirm with . or Enter, or press ? or * to list all spells.
Aiming: Mephitic Cloud
Press: ? - help, Shift-Dir - straight line, f - centaur
Aim: a centaur, wielding a shortbow The ball explodes into a vile cloud!
The stinking cloud engulfs the centaur.
The centaur is engulfed in noxious fumes.
The centaur shoots an arrow.
The arrow hits you!
You die...

######### ########### #...#...#
#######.........#
####...#...#####.....#.........##
..............(c§................
........c..#####§....#.........##
........#### #@....#.........#
........#### #######.........#
...........# #####....##
#..........# #....# #..........#
##...# #......Z...# #...#
####.......# ##### #.......#
#>..........#


You could see a centaur.

Vanquished Creatures
  An orc priest (D:3)
  A centaur skeleton (D:4)
  A worker ant (D:3)
  4 adders
  An adder skeleton (D:4)
  5 worms
  2 leopard geckos
  8 orcs (D:3)
  A giant cockroach (D:1)
  5 hobgoblins
  A jackal (D:4)
  7 kobolds
  2 quokkas
  A ball python (D:3)
  6 bats
  A frilled lizard (D:2)
  4 goblins
  10 rats
61 creatures vanquished.

Vanquished Creatures (collateral kills)
  An orc (D:4)
1 creature vanquished.

Grand Total: 62 creatures vanquished

Notes
Turn   | Place    | Note
-------+----------+-------------------------------------------
     0 | D:1      | DildoBatman the Octopode Wizard began the quest for the Orb.
     0 | D:1      | Reached XP level 1. HP: 11/11 MP: 4/4
   526 | D:1      | Reached skill level 2 in Conjurations
   526 | D:1      | Reached XP level 2. HP: 17/17 MP: 4/6
  1046 | D:2      | Found a white marble altar of Elyvilon.
  1158 | D:2      | Reached XP level 3. HP: 21/21 MP: 4/7
  1199 | D:2      | Reached skill level 3 in Conjurations
  1214 | D:2      | Learned a level 2 spell: Slow
  1218 | D:2      | Learned a level 3 spell: Mephitic Cloud
  1221 | D:2      | Learned a level 2 spell: Blink
  1512 | D:2      | Noticed Terence
  2359 | D:3      | Reached XP level 4. HP: 25/27 MP: 5/8
  2360 | D:3      | Found a sacrificial altar of Ru.
  2365 | D:3      | Found a sparkling altar of Nemelex Xobeh.
  2608 | D:3      | Reached skill level 1 in Short Blades
  2608 | D:3      | Reached skill level 4 in Conjurations
  2764 | D:3      | Noticed a moth of wrath
  2766 | D:3      | Found a bloodstained altar of Trog.
  3087 | D:4      | Noticed nawrastar's ghost (amateur FeTm)
  3152 | D:4      | Noticed Blork the orc
  3254 | D:3      | Reached XP level 5. HP: 8/32 MP: 2/9
  3586 | D:3      | Reached skill level 1 in Poison Magic
  3923 | D:4      | Noticed a hornet
  3931 | D:4      | Noticed a centaur
  4069 | D:3      | Reached skill level 1 in Fighting
  4069 | D:3      | Reached skill level 1 in Air Magic
  4349 | D:4      | Shot with an arrow by a centaur

Skill      XL: |  1  2  3  4  5 |
---------------+----------------+-----
Conjurations   | 2 3 4 |  4.0
Short Blades   | 1 |  1.1
Stealth        | 3 |  3.5
Poison Magic   | 1 |  1.6
Fighting       | 1 |  1.3
Air Magic      | 1 |  1.2
Dodging        | |  2.0
Spellcasting   | |  3.0
Summonings     | |  1.0
Translocations | |  1.0

Action                   |  1- 3 |  4- 6 || total
-------------------------+-------+-------++-------
Melee: Unarmed           |    28 |       ||    28
       Constrict         |     9 |     8 ||    17
       Tentacles         |     3 |     2 ||     5
       Dagger            |       |    30 ||    30
 Cast: Magic Dart        |    87 |    44 ||   131
       Mephitic Cloud    |     1 |     9 ||    10
  Use: Scroll            |       |     6 ||     6
 Stab: Sleeping          |     1 |       ||     1
       Confused          |       |     1 ||     1
  Eat: Chunk             |     4 |     7 ||    11
Armor: Skin              |     5 |     2 ||     7
Dodge: Dodged            |    23 |    29 ||    52
